Map: Acropolis LE

Players

Reynor

  • Race: Zerg Zerg
  • Spawn Location: 11:00

Serral - Winner!

  • Race: Zerg Zerg
  • Spawn Location: 5:00

Event: 2019 WCS Summer

VOD

Have the link to the VOD?

Description

Time

  • Played on: July 14, 2019, 2:47 p.m.
  • Length: 8:23

All games in this series

Show
View Real Time Build Order
Export as new Build Order

Reynor Zerg 

Build Orders: Hatch First 

Get SALT Encoding   

  12  0:00  Drone  
  13  0:12  Overlord  
  13  0:17  Drone  
  14  0:30  Drone  
  14  0:31  Drone  
  16  0:47  Hatchery  
  15  0:50  Drone  
  15  0:54  Drone  
  17  0:57  Drone  
  18  1:08  Extractor  
  17  1:13  Spawning Pool  
  17  1:16  Drone  
  17  1:19  Drone  
  18  1:28  Drone  
  19  1:38  Drone  
  20  1:49  Drone  
  21  2:00  Queen x2, Overlord  
  25  2:01  Drone  
  26  2:12  Drone x2  
  26  2:13  Metabolic Boost  
  28  2:20  Drone  
  28  2:21  Drone  
  30  2:31  Hatchery  
  30  2:33  Zergling x2  
  30  2:36  Drone  
  31  2:42  Drone  
  32  2:47  Baneling Nest, Overlord  
  31  2:53  Drone  
  31  2:57  Drone  
  33  3:04  Drone  
  34  3:05  Zergling x2  
  34  3:09  Drone x3  
  34  3:10  Drone x2  
  34  3:11  Overlord  
  40  3:17  Zergling x2, Evolution Chamber  
  40  3:21  Zergling x2  
  40  3:25  Queen  
  43  3:30  Baneling x2  
  43  3:31  Overlord  
  43  3:33  Drone  
  44  3:34  Baneling  
  44  3:43  Drone x5  
  44  3:44  Drone  
  49  3:50  Overlord  
  49  3:51  Drone  
  49  3:52  Drone  
  49  3:55  Zerg Missile Weapons Level 1  
  51  3:56  Drone  
  51  3:58  Drone  
  51  3:59  Drone  
  54  4:06  Drone x2  
  54  4:09  Drone  
  57  4:11  Drone x3  
  60  4:17  Drone, Extractor  
  60  4:18  Drone, Extractor  
  60  4:20  Drone  
  60  4:21  Roach Warren  
  60  4:25  Drone  
  60  4:27  Drone  
  60  4:30  Lair  
  62  4:33  Zergling x6  
  62  4:35  Drone  
  62  4:37  Overlord  
  66  4:39  Drone  
  66  4:42  Drone, Extractor  
  66  4:43  Extractor  
  67  4:45  Drone x3  
  67  4:48  Drone  
  67  4:52  Overlord  
  69  4:55  Drone x4  
  69  4:56  Pneumatized Carapace  
  69  4:57  Extractor  
  72  5:01  Overlord  
  72  5:03  Drone  
  72  5:14  Drone x3  
  72  5:15  Drone x2  
  72  5:18  Roach  
  72  5:19  Roach x2  
  72  5:20  Roach x4  
  91  5:21  Overlord  
  91  5:27  Overlord  
  91  5:29  Roach  
  91  5:31  Overseer  
  91  5:33  Roach  
  95  5:36  Drone  
  95  5:37  Evolution Chamber  
  95  5:49  Roach x8  
  111  5:50  Hatchery  
  111  5:53  Roach  
  111  5:54  Roach  
  111  5:55  Spine Crawler  
  111  5:57  Spine Crawler, Overlord  
  113  6:00  Zerg Missile Weapons Level 2  
  113  6:03  Glial Reconstitution  
  112  6:05  Roach  
  112  6:08  Overlord x2  
  114  6:16  Roach  
  114  6:17  Roach x3  
  121  6:21  Overlord  
  121  6:24  Roach x2  
  121  6:29  Roach  
  121  6:30  Roach x2  
  121  6:36  Roach x3  
  121  6:38  Roach x2  
  125  6:43  Roach x2  
  125  6:46  Ravager  
  130  6:48  Ravager, Roach x3  
  137  6:55  Roach x3  
  137  6:58  Roach x2  
  129  7:05  Roach x3  
  129  7:06  Roach  
  129  7:07  Roach  
  126  7:11  Roach  
  126  7:12  Roach  
  126  7:15  Roach x5  
  117  7:19  Roach x2  
  117  7:21  Roach  
  108  7:24  Roach  
  108  7:28  Roach x2  
  108  7:29  Ravager  
  112  7:33  Roach x2  
  103  7:39  Roach x2  
  101  7:46  Drone, Roach  
  101  7:50  Ravager  
  100  7:51  Roach x2  
  100  7:57  Roach  
  102  8:01  Roach x2  
Show
View Real Time Build Order
Export as new Build Order

Serral Zerg - Winner!

Build Orders: Hatch First 

Get SALT Encoding   

  12  0:00  Drone  
  13  0:12  Overlord  
  13  0:16  Drone  
  14  0:30  Drone x2  
  16  0:47  Hatchery  
  15  0:50  Drone  
  15  0:54  Drone  
  17  0:57  Drone  
  18  1:07  Extractor  
  17  1:12  Spawning Pool  
  17  1:15  Drone  
  17  1:18  Drone  
  18  1:28  Drone  
  19  1:38  Drone  
  20  1:49  Drone  
  21  1:59  Queen x2, Overlord  
  21  2:00  Zergling x2  
  26  2:07  Metabolic Boost  
  26  2:09  Drone  
  26  2:10  Drone  
  28  2:20  Drone  
  28  2:21  Drone  
  30  2:31  Hatchery  
  30  2:34  Drone  
  30  2:36  Drone  
  31  2:42  Baneling Nest  
  30  2:44  Drone  
  30  2:48  Overlord  
  31  2:53  Drone x2  
  33  3:03  Zergling x2  
  33  3:04  Zergling x2  
  35  3:06  Zergling x4  
  35  3:08  Zergling x2  
  35  3:09  Drone x2  
  35  3:12  Overlord  
  40  3:15  Drone  
  40  3:19  Drone  
  42  3:23  Queen  
  44  3:28  Drone, Evolution Chamber  
  44  3:31  Drone  
  45  3:37  Drone  
  45  3:41  Drone x4  
  50  3:43  Baneling  
  50  3:45  Overlord  
  50  3:46  Drone  
  51  3:48  Drone  
  51  3:52  Drone x2  
  54  3:59  Lair  
  54  4:01  Drone  
  54  4:02  Drone  
  55  4:09  Zerg Missile Weapons Level 1, Drone x2  
  58  4:10  Drone  
  58  4:13  Extractor  
  58  4:14  Extractor  
  56  4:18  Drone x2, Roach Warren  
  56  4:21  Drone x2  
  56  4:23  Drone x2  
  61  4:25  Overlord  
  61  4:27  Drone  
  61  4:30  Zergling x2  
  63  4:32  Drone  
  63  4:35  Drone  
  65  4:40  Overlord x2  
  65  4:45  Drone x4  
  69  4:46  Overlord  
  69  4:47  Extractor x2  
  69  4:48  Overlord x2  
  67  4:56  Baneling  
  67  4:58  Zergling x4  
  69  5:02  Glial Reconstitution  
  69  5:12  Overlord  
  69  5:18  Nydus Network  
  69  5:20  Roach x6  
  80  5:24  Roach x2  
  81  5:29  Roach x3  
  81  5:33  Roach x2  
  91  5:38  Roach x3  
  91  5:42  Overlord  
  97  5:43  Roach x3  
  97  5:48  Roach x2  
  106  5:59  Roach  
  106  6:00  Roach x2  
  106  6:01  Overlord  
  106  6:02  Overlord, Roach  
  106  6:03  Roach  
  116  6:06  Nydus Canal  
  116  6:07  Roach x2  
  120  6:18  Nydus Canal, Roach x2  
  121  6:20  Roach x4  
  121  6:22  Roach  
  121  6:23  Roach  
  129  6:26  Roach  
  129  6:28  Roach  
  129  6:32  Nydus Canal  
  131  6:33  Roach  
  131  6:35  Roach  
  131  6:37  Roach  
  131  6:39  Roach x2  
  133  6:42  Drone, Roach  
  133  6:45  Overlord x2  
  136  6:47  Nydus Canal  
  136  6:49  Roach  
  138  6:57  Roach  
  138  6:58  Roach x2  
  138  7:01  Roach  
  136  7:03  Roach x3  
  136  7:05  Nydus Canal  
  136  7:08  Roach x2  
  135  7:09  Roach  
  135  7:11  Roach  
  135  7:13  Roach  
  135  7:15  Roach  
  133  7:17  Roach  
  133  7:22  Roach x2  
  127  7:28  Roach x4  
  135  7:31  Roach  
  135  7:35  Roach x2  
  135  7:38  Roach  
  135  7:39  Drone, Roach  
  135  7:41  Roach  
  135  7:42  Roach  
  144  7:46  Nydus Canal  
  144  7:47  Roach  
  144  7:48  Roach  
  144  7:50  Roach  
  148  7:52  Roach  
  148  7:55  Roach  
  152  7:58  Roach  
  152  8:00  Roach x2  
Tags
 
Add a new tag
Caveats
  • Supply blocks, unpowered buildings, or Contaminate may cause inaccurate times.
  • Supply counts are checked every 10 seconds.